 Dungeon Crawl Stone Soup version 0.23.0 (webtiles) character file.

Game seed: 712042410562759220

861 tv1990 the Chopper (level 8, 0/62 HPs)
             Began as a Formicid Monk on Feb 11, 2019.
             Was a Believer of Okawaru.
             Slain by a tengu warrior
             ... wielding a +0 halberd
              (6 damage)
             ... on level 15 of the Dungeon.
             The game lasted 00:13:40 (4877 turns).

tv1990 the Chopper (Formicid Monk)                  Turns: 4877, Time: 00:13:41

Health: 0/62       AC: 11    Str: 18    XL:     8   Next: 22%
Magic:  0/11       EV:  6    Int: 10    God:    Okawaru [**....]
Gold:   343        SH:  0    Dex: 13    Spells: 7/7 levels left

rFire    . . .     SeeInvis +   a - +0 hand axe
rCold    . . .     Gourm    .   (no shield)
rNeg     . . .     Faith    .   m - +0 plate armour
rPois    .         Spirit   +   (helmet unavailable)
rElec    .         Reflect  .   (no cloak)
rCorr    .         Harm     .   (no gloves)
MR       .....                  (no boots)
Stlth    ..........             q - amulet of guardian spirit
HPRegen  0.20/turn              s - ring of flight
MPRegen  0.12/turn              (no ring)

@: no status effects
A: permanent stasis, dig shafts and tunnels, four strong arms, antennae 3
a: Dig, Shaft Self, Heroism, Renounce Religion, Evoke Flight


You were on level 15 of the Dungeon.
You worshipped Okawaru.
Okawaru was pleased with you.
You were near starving.

You visited 2 branches of the dungeon, and saw 13 of its levels.

You collected 343 gold pieces.

Inventory:

Hand Weapons
 a - a +0 hand axe (weapon)
Armour
 b - a +0 robe
 m - a +0 plate armour (worn)
Jewellery
 q - an amulet of guardian spirit (around neck)
 s - a ring of flight (left hand)
 u - an uncursed amulet of the acrobat {unknown}
Wands
 x - a wand of paralysis (10)
Scrolls
 i - 2 scrolls of remove curse
 j - 2 scrolls of fog
 k - 2 scrolls of teleportation
 l - a scroll of enchant armour {unknown}
 o - 2 scrolls of noise {unknown}
 r - a scroll of identify
 v - a scroll of fear {unknown}
 w - a scroll of enchant weapon {unknown}
 y - a scroll of immolation {unknown}
Potions
 d - 3 potions of resistance
 e - a potion of brilliance
 f - 2 potions of curing
 g - 2 potions of cancellation
 h - a potion of flight
 n - a potion of lignification
 p - a potion of degeneration
 t - 2 potions of might
 A - a potion of agility {unknown}
Comestibles
 c - 9 rations


   Skills:
 - Level 5.2 Fighting
 - Level 6.1 Axes
 - Level 3.8 Armour
 - Level 2.6 Dodging
 - Level 2.4 Stealth
 + Level 5.1 Invocations


You had 7 spell levels left.
You didn't know any spells.
Your spell library contained the following spells:

 Spells                   Type           Power        Failure   Level  Hunger
 Confusing Touch          Hex            #.....       100%        1    ##.....
 Confuse                  Hex            #.......     100%        3    ####...
 Gell's Gravitas          Tloc           #.........   100%        3    ####...
 Petrify                  Tmut/Erth      #.......     100%        4    #####..
 Metabolic Englaciation   Hex/Ice        #.........   100%        5    ######.
 Yara's Violent Unravell  Hex/Tmut       #.........   100%        5    ######.


Dungeon Overview and Level Annotations

Branches:
Dungeon (9/15)             Temple (1/1) D:5
   Lair: D:8-11         Orc: D:9-12

Altars:
Cheibriados
Dithmenos
Elyvilon
Gozag
Kikubaaqudgha
Makhleb
Okawaru


Innate Abilities, Weirdness & Mutations

You cannot be hasted, slowed, berserked, paralysed or teleported.
You can dig through walls and to a lower floor.
Your four strong arms can wield two-handed weapons with a shield.
You have a pair of large antennae on your head. (SInv)


Message History

A tengu warrior comes into view. It is wielding a +0 halberd.
The tengu warrior shouts!
The tengu warrior hits you from afar with a +0 halberd.
* * * LOW HITPOINT WARNING * * *
Found a war axe.
The tengu warrior hits you with a +0 great sword.
* * * LOW HITPOINT WARNING * * *
The tengu warrior pecks you but does no damage.
The tengu warrior claws you but does no damage.
Found a scroll of identify.
The tengu warrior hits you from afar with a +0 halberd!
* * * LOW HITPOINT WARNING * * *
Found a scroll of teleportation.
You see here a scroll of identify.
You see here a scroll of teleportation.
The tengu warrior hits you from afar with a +0 halberd!
* * * LOW HITPOINT WARNING * * *
Found 13 stones.
The tengu warrior hits you from afar with a +0 halberd!
You die...

#....# #....# #....#
#....# #....######
#..........
#..........
#..@.......
#..#######. ...
######.Q# ....
........#### ....
......(..{.# .....
........##{####.....
....................
........####.......#
###.....# #.......#


You could see a tengu warrior.

Vanquished Creatures
  Eustachio (D:5)
  A centaur (D:6)
  2 scorpions
  A howler monkey (D:4)
  2 crimson imps (D:6)
  A jelly (D:9)
  A bullfrog skeleton (D:9)
  A hound (D:6)
  An iguana (D:6)
  An iron imp (D:2)
  2 orc wizards
  A worker ant (D:3)
  7 gnolls
  7 adders (D:3)
  A shadow imp (D:6)
  2 adder skeletons
  2 worms
  2 dart slugs
  A leopard gecko (D:2)
  6 orcs
  10 bats
  2 giant cockroaches
  5 goblins
  6 hobgoblins
  5 jackals (D:3)
  7 kobolds
  2 quokkas
  2 ball pythons
  3 frilled lizards (D:2)
  2 rats (D:3)
87 creatures vanquished.

Notes
Turn   | Place    | Note
-------+----------+-------------------------------------------
     0 | D:1      | tv1990 the Formicid Monk began the quest for the Orb.
     0 | D:1      | Reached XP level 1. HP: 18/18 MP: 1/1
   265 | D:1      | Reached XP level 2. HP: 21/24 MP: 2/2
   806 | D:2      | Reached skill level 1 in Armour
   832 | D:2      | Noticed a scorpion
   853 | D:2      | Killed a scorpion
   853 | D:2      | Reached skill level 4 in Axes
   853 | D:2      | Reached XP level 3. HP: 21/30 MP: 3/3
   853 | D:2      | Reached XP level 4. HP: 26/37 MP: 4/4
  1023 | D:2      | Found a faded altar of an unknown god.
  1074 | D:2      | Found a burning altar of Makhleb.
  1091 | D:2      | Reached XP level 5. HP: 19/42 MP: 5/5
  2197 | D:3      | Reached XP level 6. HP: 37/49 MP: 4/6
  2430 | D:3      | Reached skill level 5 in Axes
  2567 | D:4      | Found a snail-covered altar of Cheibriados.
  2854 | D:4      | Found an opulent altar of Gozag.
  3275 | D:5      | Entered Level 5 of the Dungeon
  3297 | D:5      | Reached XP level 7. HP: 29/55 MP: 5/7
  3484 | D:5      | Noticed Eustachio
  3572 | D:5      | Killed Eustachio
  3572 | D:5      | Reached skill level 5 in Fighting
  3572 | D:5      | Reached skill level 6 in Axes
  3600 | D:5      | Found a staircase to the Ecumenical Temple.
  3610 | Temple   | Entered the Ecumenical Temple
  3624 | Temple   | Became a worshipper of Warmaster Okawaru
  3624 | Temple   | Reached * piety under Okawaru
  3624 | Temple   | Reached ** piety under Okawaru
  3654 | D:5      | Noticed a water moccasin
  3687 | D:5      | You fall through a shaft for 2 floors!
  3937 | D:6      | Reached skill level 1 in Invocations
  4234 | D:6      | Reached XP level 8. HP: 44/62 MP: 6/10
  4484 | D:6      | You fall through a shaft for 3 floors!
  4700 | D:9      | Reached skill level 5 in Invocations
  4748 | D:8      | You fall through a shaft for 2 floors!
  4748 | D:10     | Entered Level 10 of the Dungeon
  4754 | D:10     | You fall through a shaft for 3 floors!
  4784 | D:13     | You fall through a shaft for 2 floors!
  4784 | D:15     | Entered Level 15 of the Dungeon
  4784 | D:15     | Noticed a tengu warrior
  4801 | D:15     | Noticed a tengu warrior
  4801 | D:15     | Noticed a tengu warrior
  4811 | D:15     | Noticed a tengu warrior
  4877 | D:15     | Slain by a tengu warrior

Skill      XL: |  1  2  3  4  5  6  7  8 |
---------------+-------------------------+-----
Armour         | 1 2 3 |  3.8
Axes           | 4 5 6 |  6.1
Fighting       | 4 5 |  5.2
Invocations    | 3 5 |  5.1
Dodging        | |  2.6
Stealth        | |  2.4

Action                   |  1- 3 |  4- 6 |  7- 9 || total
-------------------------+-------+-------+-------++-------
Melee: Hand axe          |    81 |   262 |   266 ||   609
Invok: Heroism           |       |       |     4 ||     4
 Abil: Dig               |       |       |    14 ||    14
       Shaft Self        |       |       |     5 ||     5
  Use: Scroll            |       |    11 |       ||    11
       Potion            |       |       |     2 ||     2
  Eat: Chunk             |       |     8 |     8 ||    16
Armor: Robe              |     9 |       |       ||     9
       Plate armour      |    47 |   173 |   146 ||   366
Dodge: Dodged            |    63 |    81 |    65 ||   209

Levels and vault maps discovered:
D:1:      dpeg_arrival_simpleton_c, layout_loops_ring,
          kennysheep_decorative_pillar, minivault_26
D:2:      layout_basic, makhleb_grotto_becter, chequers_ecumenical_altar_grove,
          minmay_misc_feat_square
D:3:      layout_rooms, first_ration
D:4:      layout_rooms, lemuel_crystal_altar,
          nicolae_gozag_cash_rules_everything_around_me, kennysheep_dice
D:5:      layout_loops_cross, led_xom_imps, minmay_temple_entry_offerings,
          serial_shops, kennysheep_mini_moat, uniq_eustachio
D:6:      layout_basic, lemuel_round_altar
D:7:      layout_rooms, uniq_menkaure
D:8:      layout_loops_cross
D:9:      layout_long_grid, zin_scriptorium, lair_entry_dummy,
          hangedman_fish_farm, hive_lemuel
D:10:     layout_small_grid, david_orc_3, hangedman_decor_growths,
          serial_bayou_crossing
D:13:     layout_cave_pools, erik_vaults_2, kennysheep_generic_room_4
D:15:     hangedman_depths_entry_try_elsewhere_first, layout_irregular_city,
          minivault_24, chequers_big_river
Temple:   regret_index_temple_sphere_string
